 Dungeon Crawl Stone Soup version 0.27-a0-650-g8dd3ea4f36 (webtiles) character file.

Game seed: 13015397397316626931

186 spiderkeys the Cutter (level 5, -4/49 HPs)
             Began as a Kobold Berserker on Mar 16, 2021.
             Was a Believer of Trog.
             Slain by a river rat (6 damage)
             ... in a sewer.
             The game lasted 00:08:33 (4238 turns).

spiderkeys the Cutter (Kobold Berserker)            Turns: 4238, Time: 00:08:33

Health: -4/49      AC: 22    Str: 14    XL:     5   Next: 97%
Magic:  5/5        EV:  3    Int:  8    God:    Trog [**....]
Gold:   156        SH:  0    Dex: 16    Spells: 4/4 levels left

rFire    . . .     SeeInvis .   a - +0 short sword
rCold    . . .     Faith    .   (shield restricted)
rNeg     + + +     Spirit   .   (armour currently unavailable)
rPois    +         Reflect  .   (helmet currently unavailable)
rElec    .         Harm     .   (cloak currently unavailable)
rCorr    .         Rampage  .   (gloves currently unavailable)
Will     .....     NoTele   +   (boots currently unavailable)
Stlth    ++++......             (no amulet)
HPRegen  0.16/turn              (no ring)
MPRegen  0.09/turn              (no ring)

@: tree-form, berserk cooldown, slowed, very slow
A: stationary, stasis, torment immunity, boosted hp, small, no large weapons,
nightstalker 3
a: Renounce Religion, Berserk, Trog's Hand


You were in a sewer.
You worshipped Trog.
Trog was pleased with you.
You were a tree.
You visited 1 branch of the dungeon, and saw 3 of its levels.
You also visited: Sewer.

You collected 156 gold pieces.

Inventory:

Hand Weapons
 a - a +0 short sword (weapon)
 p - a +0 hand crossbow
Armour
 k - a +0 leather armour (melded)
 o - a +1 helmet (melded)
Scrolls
 f - a scroll of noise
Potions
 c - a potion of berserk rage
 g - a potion of heal wounds {unknown}
 i - a potion of invisibility {unknown}
 n - a potion of flight {unknown}


   Skills:
 + Level 4.0 Fighting
 * Level 5.6 Short Blades
 - Level 1.5 Armour
 + Level 3.5 Dodging
 * Level 4.3 Stealth


You had 4 spell levels left.
You didn't know any spells.
Your spell library was empty.

Dungeon Overview and Level Annotations

Branches:
Dungeon (4/15)              Sewer (1/1)
 Temple: D:4-7

Altars:
Gozag
Okawaru
Qazlal


Innate Abilities, Weirdness & Mutations

You are a tree.
Your roots penetrate the ground, keeping you stationary.
You cannot be teleported.
You are immune to unholy pain and torment.
Your maximum health is greatly increased.
Your equipment is partially melded.
You are small and have problems with some larger weapons.
You are completely attuned to the shadows.


Message History

c - a potion of berserk rage The river rat barely misses you.
Okay, then.
You hit the river rat but do no damage.
The river rat is lightly wounded.
The river rat misses you.
You hit the river rat.
The river rat is moderately wounded.
The river rat bites you. The river rat closely misses you.
You closely miss the river rat.
The river rat is moderately wounded.
The river rat bites you.
You hit the river rat but do no damage.
The river rat is moderately wounded.
The river rat bites you.
You closely miss the river rat.
The river rat is moderately wounded.
The river rat closely misses you.
You closely miss the river rat.
The river rat is moderately wounded.
The river rat bites you but does no damage.
You hit the river rat but do no damage.
The river rat is moderately wounded.
The river rat bites you. The river rat bites you!
* * * LOW HITPOINT WARNING * * *
Unknown command.
Really quaff the potion of lignification?
You turn into a tree.
Your +1 helmet melds into your body.
Your +0 leather armour melds into your body.
Your roots penetrate the ground.
The river rat bites you but does no damage.
You hit the river rat but do no damage.
The river rat is moderately wounded.
The river rat bites you.
* * * LOW HITPOINT WARNING * * *
You hit the river rat but do no damage.
The river rat is moderately wounded.
The river rat bites you but does no damage.
The river rat bites you.
You die... ########## ..∩.∩♣rrr. ##########

You could see a river rat and 2 rats.

Vanquished Creatures
  2 orc wizards (D:4)
  A worker ant (D:4)
  Robin (D:2)
  An adder (D:4)
  A river rat (D:4)
  A worm (D:1)
  2 dart slugs (D:1)
  2 leopard geckos (D:4)
  8 orcs (D:4)
  A ball python (D:1)
  2 bats (D:1)
  13 goblins
  8 hobgoblins (D:1)
  4 jackals (D:4)
  3 kobolds
  4 frilled lizards (D:1)
  8 rats
62 creatures vanquished.

Vanquished Creatures (others)
  30 plants (D:4)
30 creatures vanquished.

Grand Total: 92 creatures vanquished

Notes
Turn   | Place    | Note
-------+----------+-------------------------------------------
     0 | D:1      | spiderkeys the Kobold Berserker began the quest for the
                  | Orb.
     0 | D:1      | Reached XP level 1. HP: 14/14 MP: 1/1
   179 | D:1      | Reached skill level 1 in Stealth
   377 | D:1      | Reached XP level 2. HP: 5/19 MP: 2/2
   807 | D:1      | Found an iron altar of Okawaru.
  1356 | D:1      | Reached XP level 3. HP: 13/23 MP: 3/3
  1502 | D:1      | Reached ** piety under Trog
  2623 | D:2      | Noticed Robin
  2628 | D:1      | Reached XP level 4. HP: 20/28 MP: 4/4
  3372 | D:2      | Killed Robin
  3679 | D:2      | You fall into a shaft and drop 2 floors!
  3696 | D:4      | Found a stormy altar of Qazlal.
  3725 | D:4      | Found an opulent altar of Gozag.
  3730 | D:4      | Reached skill level 5 in Short Blades
  3810 | D:4      | Reached XP level 5. HP: 31/33 MP: 5/5
  3982 | D:4      | HP: 1/33 [poisoned by an orc wizard]
  4215 | D:4      | Found a glowing drain.
  4222 | Sewer    | Entered a sewer
  4237 | Sewer    | HP: 2/49 [river rat (2)]
  4238 | Sewer    | Slain by a river rat

Illustrated notes

Levels and vault maps discovered:
D:1:      wheals_arrival_shading, layout_basic, wad_floor_pattern_2,
          okawaru_ov_weapons_minmay
D:2:      layout_basic, minmay_misc_feat_rugged, uniq_robin
D:4:      layout_rooms, nicolae_qazlal_general_emergency,
          grunt_gozag_breadcrumbs, portal_sewer_entry_e, serial_bayou_lagoon_a,
          uniq_crazy_yiuf_cottage
Sewer:    sewer_kobolds

Skill      XL: |  1  2  3  4  5 |
---------------+----------------+-----
Stealth        | 1 2 3 4 |  4.3
Dodging        | 3 |  3.5
Short Blades   | 5 |  5.6
Fighting       | 4 |  4.0
Armour         | |  1.5

Action                   |  1- 3 |  4- 6 || total
-------------------------+-------+-------++-------
Melee: Short sword       |   101 |    95 ||   196
Invok: Berserk           |     6 |     4 ||    10
  Use: Scroll            |       |     6 ||     6
       Potion            |       |     3 ||     3
 Stab: Sleeping          |     8 |     6 ||    14
       Distracted        |       |     2 ||     2
Armor: Animal skin       |     5 |       ||     5
       Leather armour    |     9 |    18 ||    27
       Skin              |       |     2 ||     2
Dodge: Dodged            |    64 |   101 ||   165

Table legend: (Time is in decaauts)
 A = Elapsed time spent in this place.
 B = Non-inter-level travel time spent in this place.
 C = Inter-level travel time spent in this place.
 D = Time resting spent in this place.
 E = Time spent auto-exploring this place.
 F = Levels seen in this place.
 G = Mean time per level.
                   A        B        C        D        E       F      G
               +--------+--------+--------+--------+--------+-----+--------+
         Total |   4307 |   4194 |    113 |   2144 |   1308 |   4 | 1076.8 |
       Dungeon |   4287 |   4174 |    113 |   2144 |   1308 |   3 | 1429.0 |
         Sewer |     19 |     19 |      0 |      0 |      0 |   1 |   19.0 |
               +--------+--------+--------+--------+--------+-----+--------+

Top non-repeatable levels by time:
     D:1: 3359 daAuts
     D:4: 551 daAuts
     D:2: 376 daAuts
   Sewer: 19 daAuts
